 Dungeon Crawl Stone Soup version 0.31-a0-702-gf82c85558f (webtiles) character file.

Game seed: 8176764221426994669

137 qw the Shooter (level 5, -2/32 HPs)
             Began as a Gargoyle Hunter on Sept 7, 2023.
             Slain by a bullfrog (4 damage)
             ... in a sewer.
             The game lasted 00:00:57 (2014 turns).

qw the Shooter (Gargoyle Hunter)                    Turns: 2014, Time: 00:00:58

Health: -2/32      AC:  9    Str: 15    XL:     5   Next: 20%
Magic:  5/5        EV: 11    Int:  9    God:
Gold:   123        SH:  0    Dex: 15    Spells: 4/4 levels left

rFire   . . .        Y - +0 shortbow
rCold   . . .        (shield currently unavailable)
rNeg    + . .        g - +0 ring mail
rPois   inf          (no helmet)
rElec   +            (no cloak)
rCorr   .            (no gloves)
SInv    .            (no boots)
Will    .....        (no amulet)
Stlth   +            (no ring)
HPRegen 0.25/turn    (no ring)
MPRegen 0.09/turn

%: no passive effects
@: no status effects
A: sickness immunity, AC +4, negative energy resistance 1, electricity
resistance, torment resistance 1, petrification resistance
a: no special abilities


You were in a sewer.
You visited 1 branch of the dungeon, and saw 3 of its levels.
You also visited: Sewer.

You collected 123 gold pieces.


Innate Abilities, Weirdness & Mutations

You are immune to sickness and miasma.
Your stone body is resilient. (AC +4)
You are immune to poison.
You resist negative energy. (rN+)
You are resistant to electric shocks. (rElec)
You are resistant to unholy torment.
You are immune to petrification.


   Skills:
 - Level 3.0 Fighting
 + Level 5.8 Ranged Weapons
 - Level 1.3 Armour
 - Level 1.5 Dodging
 - Level 1.1 Stealth


You had 4 spell levels left.
You didn't know any spells.
Your spell library was empty.

Inventory:

Hand Weapons
 Y - a +0 shortbow (weapon)
Armour
 g - a +0 ring mail (worn)
Potions
 b - a potion of heal wounds {unknown}
 c - a potion of resistance {unknown}
 e - 2 potions of curing
 f - a potion of mutation {unknown}
 h - a potion of degeneration {unknown}

Dungeon Overview and Level Annotations

Branches:
Dungeon (3/15)              Sewer (1/1)

Altars:
Uskayaw

Shops:
D:1 ?


Message History

The bullfrog hits you.
A bullfrog comes into view.
The bullfrog hits you.
You shoot an arrow. The arrow misses the bullfrog.
The bullfrog gives a loud, deep croak!
The bullfrog hits you.
You shoot an arrow. The arrow hits the bullfrog.
The bullfrog is severely wounded.
The bullfrog barely misses you. x2
You shoot an arrow.
The arrow barely misses the bullfrog. x2
The bullfrog hits you but does no damage.
A frilled lizard comes into view.
The bullfrog misses you.
You shoot an arrow. The arrow closely misses the bullfrog.
The bullfrog closely misses you. The bullfrog barely misses you.
The bullfrog hits you. The bullfrog barely misses you.
You shoot an arrow. The arrow barely misses the bullfrog.
The arrow hits the giant cockroach.
The giant cockroach is lightly wounded.
The bullfrog hits you. The bullfrog closely misses you.
The bullfrog hits you but does no damage. x2
You shoot an arrow. The arrow barely misses the bullfrog.
The arrow hits the giant cockroach but does no damage.
The giant cockroach is lightly wounded.
The bullfrog hits you! The bullfrog hits you.
You shoot an arrow. The arrow barely misses the bullfrog.
The arrow hits the frilled lizard.
You kill the frilled lizard!
The bullfrog closely misses you.
The bullfrog hits you but does no damage.
The bullfrog barely misses you. The bullfrog hits you.
You shoot an arrow. The arrow barely misses the bullfrog.
The bullfrog hits you but does no damage.
The bullfrog hits you. The bullfrog closely misses you.
The bullfrog hits you but does no damage.
You shoot an arrow. The arrow hits the bullfrog.
The bullfrog is severely wounded.
The bullfrog hits you but does no damage.
The bullfrog hits you.
You die...

~~~~~~~~~~~~~~~~..\.\.#
###.~~~~~~~~~~.########
#~~~~~########
#~~~~.#######################
#~~~~.~.~...............%%...
#~~~~~~~~~~~~~~~~~~~~~~~~~~~~
#.~~~~~~~~~~~~~~~~~~~~~~~~~~~
#~~~~~~~~~~~~~~~~~~~~~~~~~~~~
#~~~~.~~....@F...~~~~~~~~~~..
#~~~~~#######F~~~~~~~~~~~~~~~
#.~~~~# #~~~~~~~~~~~~~~~~~~
#.~~~.# #~~~~~~~~~~~~~~~~~~
#.~~~.# #~~~~~~~~.~~ ~~~~
#.~~~~# #~~F~~~~~|~~ ~~~
#.~~~~# #~~~~~~./)[. ~~~
#.~~~~# #~~~~~~~.$?. ~~~
#.~~~~# #~~~~~~~~.~~ ~~~


You could see 2 bullfrogs.

Vanquished Creatures
  3 gnolls (D:3)
  4 adders
  2 dart slugs (D:1)
  An orc (D:3)
  5 bats
  4 endoplasms
  7 giant cockroaches
  7 goblins
  4 hobgoblins
  A quokka (D:2)
  8 ball pythons
  9 frilled lizards
  5 kobolds
  11 rats
71 creatures vanquished.

Notes
Turn   | Place    | Note
-------+----------+-------------------------------------------
     0 | D:1      | qw the Gargoyle Hunter began the quest for the Orb.
     0 | D:1      | Reached XP level 1. HP: 12/12 MP: 1/1
     0 | D:1      | 0 ||| qw: Version: 0.3-a-76-g4403597
     0 | D:1      | 0 ||| qw: Game counter: 853
     0 | D:1      | 0 ||| qw: Melee chars always use a shield: true
     0 | D:1      | 0 ||| qw: God list: Okawaru
     0 | D:1      | 0 ||| qw: Allow faded altars: false
     0 | D:1      | 0 ||| qw: Do Orc after clearing Dungeon:15 true
     0 | D:1      | 0 ||| qw: Do second Lair branch before Depths: true
     0 | D:1      | 0 ||| qw: Lair rune preference: random
     0 | D:1      | 0 ||| qw: Goals: Normal
     0 | D:1      | 0 ||| PLANNING D:1-11
    59 | D:1      | Reached XP level 2. HP: 17/17 MP: 2/2
    99 | D:1      | Found a faded altar of an unknown god.
   211 | D:1      | Reached XP level 3. HP: 21/21 MP: 3/3
   271 | D:1      | Reached skill level 5 in Ranged Weapons
   333 | D:1      | Found Ocirudae's Magic Scroll Emporium.
   343 | D:1      | 343 ||| SHOPLISTING scroll of enchant weapon (105 gold,
                  | have 36).
   343 | D:1      | 343 ||| SHOPLISTING scroll of teleportation (42 gold, have
                  | 36).
   408 | D:1      | 408 ||| DROPPING scarf of harm.
   409 | D:1      | 409 ||| UPGRADING to +0 ring mail.
   419 | D:1      | 419 ||| DROPPING +0 leather armour.
   420 | D:1      | 420 ||| READING scroll labelled SIVUEBB POIPS.
   421 | D:1      | 421 ||| DROPPING scroll of butterflies.
   762 | D:2      | Found a hide-covered altar of Uskayaw.
  1100 | D:2      | Reached skill level 1 in Armour
  1283 | D:2      | 1283 ||| READING scroll labelled JULAIM BIHUOHE.
  1284 | D:2      | 1284 ||| DRINKING 3 silvery potions.
  1315 | D:3      | 1315 ||| PLANNING SEWER
  1318 | D:3      | 1318 ||| STAIRDANCE
  1337 | D:3      | Reached skill level 3 in Fighting
  1337 | D:3      | Reached XP level 4. HP: 27/28 MP: 4/4
  1392 | D:3      | 1392 ||| FLEEEEING.
  1393 | D:3      | 1393 ||| FLEEEEING.
  1394 | D:3      | 1394 ||| FLEEEEING.
  1395 | D:3      | 1395 ||| FLEEEEING.
  1396 | D:3      | 1396 ||| FLEEEEING.
  1397 | D:3      | 1397 ||| FLEEEEING.
  1398 | D:3      | 1398 ||| FLEEEEING.
  1399 | D:3      | 1399 ||| FLEEEEING.
  1400 | D:3      | 1400 ||| FLEEEEING.
  1401 | D:3      | 1401 ||| FLEEEEING.
  1402 | D:3      | 1402 ||| FLEEEEING.
  1403 | D:3      | 1403 ||| FLEEEEING.
  1404 | D:3      | 1404 ||| FLEEEEING.
  1405 | D:3      | 1405 ||| FLEEEEING.
  1406 | D:3      | 1406 ||| FLEEEEING.
  1407 | D:3      | 1407 ||| FLEEEEING.
  1408 | D:3      | 1408 ||| FLEEEEING.
  1409 | D:3      | 1409 ||| FLEEEEING.
  1410 | D:3      | 1410 ||| STAIRDANCE
  1428 | D:3      | 1428 ||| STAIRDANCE
  1699 | D:3      | Found a glowing drain.
  1715 | D:3      | 1715 ||| READING scroll labelled RUCOUG DIHICIO.
  1716 | D:3      | 1716 ||| DRINKING 2 bubbling clear potions.
  1821 | D:3      | 1821 ||| DROPPING potion of berserk rage.
  1829 | Sewer    | Entered a sewer
  1834 | Sewer    | 1834 ||| Stepping ~*~*~tactically~*~*~ (water).
  1839 | Sewer    | Reached XP level 5. HP: 30/32 MP: 5/5
  1921 | Sewer    | 1921 ||| Stepping ~*~*~tactically~*~*~ (water).
  1998 | Sewer    | 1998 ||| Stepping ~*~*~tactically~*~*~ (water).
  2011 | Sewer    | HP: 5/32 [bullfrog (4)]
  2013 | Sewer    | HP: 2/32 [bullfrog (3)]
  2014 | Sewer    | Slain by a bullfrog

Levels and vault maps discovered:
D:1:      ebering_trefoil_twist, layout_basic, serial_shops, shop,
          hellmonk_ecumenical_altar_defaced_shrine
D:2:      layout_loops_corners, basic_altar, minmay_liquid_box
D:3:      layout_basic, portal_sewer_entry_c, item_on_display_a
Sewer:    sewer_frog_island_01

Skill      XL: |  1  2  3 |
---------------+----------+-----
Ranged Weapons | 5 |  5.8
Armour         | 1 |  1.3
Fighting       | 3 |  3.0
Dodging        | |  1.5
Stealth        | |  1.1

Action                     |  1- 3 |  4- 6 || total
---------------------------+-------+-------++-------
   Fire: Shortbow          |   106 |   121 ||   227
    Use: Scroll            |     2 |     1 ||     3
         Potion            |     1 |     1 ||     2
 Armour: Leather armour    |     8 |       ||     8
         Ring mail         |    24 |    61 ||    85
  Dodge: Dodged            |    35 |    43 ||    78

Table legend:
 A = Non-vault XP
 B = Vault XP
 C = Vault XP percentage of total XP
 D = Non-vault monster count
 E = Vault monster count
 F = Vault count percentage of total count
                 A         B        C        D         E       F
            +---------+---------+-------+---------+---------+-------
      Total |     145 |      52 |  26.4 |      43 |      28 |  39.4
            +---------+---------+-------+---------+---------+-------
        D:1 |      37 |       7 |  15.9 |      21 |       3 |  12.5
        D:2 |      37 |       0 |   0.0 |       9 |       0 |   0.0
        D:3 |      71 |      10 |  12.3 |      13 |       8 |  38.1
      Sewer |       0 |      35 | 100.0 |       0 |      17 | 100.0
            +---------+---------+-------+---------+---------+-------
